 Dungeon Crawl Stone Soup version 0.30.0-29-ga12c61a403 (webtiles) character file.

Game seed: 12597113355519107002

7408 cheesebisquit the Severer (level 11, -16/104 HPs)
             Began as a Hill Orc Monk on June 23, 2023.
             Was a Follower of Uskayaw.
             Demolished by Sonja
             ... wielding a +2 dagger of distortion
              (20 damage)
             ... on level 10 of the Dungeon.
             The game lasted 00:30:38 (9054 turns).

cheesebisquit the Severer (Hill Orc Monk)           Turns: 9054, Time: 00:30:38

Health: -16/104    AC: 24    Str: 19    XL:     11   Next: 14%
Magic:  13/13      EV:  7    Int: 10    God:    Uskayaw [*.....]
Gold:   19         SH:  0    Dex: 13    Spells: 10/10 levels left

rFire   . . .        p - +2 war axe
rCold   . . .        d - orb {light}
rNeg    . . .        S - +0 plate armour
rPois   .            m - +2 helmet
rElec   .            z - +2 cloak
rCorr   .            J - +2 pair of gloves
SInv    .            (no boots)
Will    .....        u - amulet of faith Stlth
                     a - ring of flight
HPRegen 0.37/turn    (no ring)
MPRegen 0.13/turn

%: faith
@: flying, hasted and slowed, glowing
A: no striking features
a: Renounce Religion, Stomp


You were on level 10 of the Dungeon.
You worshipped Uskayaw.
Uskayaw was noncommittal.
You visited 2 branches of the dungeon, and saw 11 of its levels.
You also visited: Sewer and Ossuary.

You collected 618 gold pieces.
You spent 599 gold pieces at shops.

Inventory:

Hand Weapons
 p - a +2 war axe (weapon)
 x - a +0 morningstar
Missiles
 g - 2 javelins
 k - 38 poisoned darts
 l - 6 boomerangs (quivered)
 Q - a throwing net
Armour
 d - an orb of light (worn)
 m - a +2 helmet (worn)
 z - a +2 cloak (worn)
 J - a +2 pair of gloves (worn)
 R - a +1 ring mail of fire resistance
 S - a +0 plate armour (worn)
Jewellery
 a - a ring of flight (left hand)
 h - an amulet of reflection
 u - an amulet of faith (around neck)
 D - a ring of fire
 M - an amulet of regeneration
 P - a +6 ring of intelligence
Wands
 b - a wand of paralysis (14)
 c - a wand of polymorph (4)
 i - a wand of flame (22)
 K - a wand of digging (12)
Scrolls
 j - 6 scrolls of teleportation
 s - a scroll of fear
 t - a scroll of magic mapping
 y - a scroll of immolation
 C - 2 scrolls of fog
 G - a scroll of amnesia {unknown}
 I - a scroll of vulnerability {unknown}
 N - 2 scrolls of blinking
Potions
 e - 4 potions of curing
 f - 4 potions of might
 o - 2 potions of haste
 q - 3 potions of brilliance
 r - a potion of cancellation {unknown}
 v - 2 potions of heal wounds {unknown}
 A - 4 potions of attraction
 B - 4 potions of mutation {unknown}
 E - 3 potions of flight {unknown}
 F - 2 potions of invisibility
 H - 3 potions of lignification {unknown}
 L - a potion of ambrosia
 O - a potion of magic {unknown}


   Skills:
 + Level 11.9 Fighting
 - Level 16.0 Axes
 + Level 10.0 Armour
 - Level 2.4 Dodging
 + Level 3.3 Invocations


You had 10 spell levels left.
You didn't know any spells.
Your spell library contained the following spells:

 Spells                   Type           Power      Damage    Failure   Level
 Apportation              Tloc           0%         N/A       100%        1
 Necrotise                Necr           0%         1d4       100%        1
 Summon Small Mammal      Summ           0%         N/A       100%        1
 Ensorcelled Hibernation  Hex/Ice        0%         N/A       100%        2
 Call Canine Familiar     Summ           0%         N/A       100%        3
 Dazzling Flash           Conj/Hex       0%         N/A       100%        3
 Frozen Ramparts          Ice            0%         1d1       100%        3
 Hailstorm                Conj/Ice       0%         3d3       100%        3
 Ozocubu's Armour         Ice            0%         N/A       100%        3
 Portal Projectile        Hex/Tloc       0%         N/A       100%        3
 Spider Form              Tmut/Pois      0%         N/A       100%        3
 Volatile Blastmotes      Fire/Tloc      0%         2d10      100%        3
 Anguish                  Hex/Necr       0%         N/A       100%        4
 Cause Fear               Hex            0%         N/A       100%        4
 Ice Form                 Ice/Tmut       0%         N/A       100%        4
 Iskenderun's Mystic Bla  Conj/Tloc      0%         2d3       100%        4
 Leda's Liquefaction      Hex/Erth       0%         N/A       100%        4
 Summon Ice Beast         Ice/Summ       0%         N/A       100%        4
 Starburst                Conj/Fire      0%         6d3       100%        6
 Enfeeble                 Hex            0%         N/A       100%        7


Dungeon Overview and Level Annotations

Branches:
Dungeon (10/15)            Temple (1/1) D:6             Orc (0/2) D:10
  Sewer (visited)         Ossuary (visited)
   Lair: D:8-11

Altars:
Ashenzari
Cheibriados
Dithmenos
Elyvilon
Fedhas
Gozag
Hepliaklqana
Kikubaaqudgha
Makhleb
Nemelex Xobeh
Okawaru
Qazlal
Ru
Sif Muna
Trog
Uskayaw
Vehumet
Wu Jian
Xom
Yredelemnul
Zin
The Shining One

Shops:
D:5 ***   D:10 *

Annotations:
D:10 Sonja


Message History

You miss Sonja.
Sonja hits you with a +2 dagger of distortion.
Space warps horribly around you! Sonja barely misses you.
Sonja hits you with a +2 dagger of distortion.
You blink.
Sonja says, "Someone hired me to kill you, but I'm not supposed to say who."
Sonja throws a curare-tipped dart.
The curare-tipped dart hits you.
You are poisoned.
You have difficulty breathing.
You feel as though you will be slow longer.
Sonja gestures wildly while chanting.
Sonja blinks!
You feel very sick.
Sonja throws a curare-tipped dart.
The curare-tipped dart hits you.
You are more poisoned.
You have difficulty breathing.
You feel as though you will be slow longer.
Sonja throws a curare-tipped dart.
The curare-tipped dart hits you.
You are more poisoned.
You have difficulty breathing.
You feel as though you will be slow longer.
There is an open door here.
* * * LOW HITPOINT WARNING * * *
You feel extremely sick.
You feel better.
You feel yourself speed up.
Sonja hits you but does no damage. x2; You blink.
Sonja hits you with a +2 dagger of distortion.
Space warps around you.
* * * LOW HITPOINT WARNING * * *
Sonja hits you with a +2 dagger of distortion.
* * * LOW HITPOINT WARNING * * *
Space warps around you.
* * * LOW HITPOINT WARNING * * *
Sonja hits you but does no damage. Space warps around you!
* * * LOW HITPOINT WARNING * * *
Sonja hits you but does no damage. Space warps horribly around you!
* * * LOW HITPOINT WARNING * * *
Sonja hits you but does no damage. Space warps horribly around you!!
You die...

#.# #.......#####........ #.#
#.......# #........ #.# ####+####
#........ #.# #..# #........ #.#
#.## ##..###'# #.# #.# #......#
#.# ###'#### ###.♣♣.+## #.#
#...<..#####...♣♣...# ###.##
#...@..#...'........#
#....########....K.#.###........#
#>).........'......'.# #........#
#....########......### #........#
#....# #......# #........' #....#
######## #.......[# #.<..#
#........# ###### ##########


You could see Sonja.

Vanquished Creatures
  Erica (D:10)
  A shadow (D:10)
  2 wyverns
  9 yaks (D:9)
  Grum (D:10)
  A steam dragon (D:8)
  An acid dragon (D:9)
  Duvessa (D:6)
  2 black bears
  2 sky beasts
  4 orc warriors
  An ice beast (D:6)
  3 wolves (D:10)
  2 ogres
  4 centaurs
  2 kobold brigands
  4 water moccasin zombies (Ossuary)
  4 bullfrogs
  A gnoll sergeant (D:9)
  2 scorpions
  Dowan (D:6)
  2 howler monkeys (D:9)
  4 hounds
  A jelly (D:4)
  Crazy Yiuf (D:3)
  5 orc priests
  2 gnoll boudas
  Jessica (D:3)
  Terence (D:2)
  4 iguanas
  8 orc wizards
  2 mummies (Ossuary)
  14 gnolls
  A river rat (D:5)
  15 adders
  2 shadow imps
  A white imp (D:6)
  4 adder zombies (Ossuary)
  A worm (D:5)
  3 dart slugs
  34 orcs
  9 ball pythons
  7 bats
  8 endoplasms
  2 gnoll zombies (Ossuary)
  8 goblins
  10 hobgoblins
  4 jackals
  14 kobolds
  5 quokkas
  9 frilled lizards
  5 hobgoblin zombies (Ossuary)
  6 kobold zombies (Ossuary)
  4 orc zombies (Ossuary)
  4 rats
250 creatures vanquished.

Notes
Turn   | Place    | Note
-------+----------+-------------------------------------------
     0 | D:1      | cheesebisquit the Hill Orc Monk began the quest for the
                  | Orb.
     0 | D:1      | Reached XP level 1. HP: 19/19 MP: 1/1
    77 | D:1      | Reached XP level 2. HP: 25/27 MP: 2/2
   171 | D:1      | Reached skill level 5 in Axes
   225 | D:1      | Reached XP level 3. HP: 31/33 MP: 3/3
   798 | D:2      | Reached XP level 4. HP: 23/41 MP: 4/4
  1292 | D:3      | Noticed Terence
  1292 | D:3      | Found a shimmering blue altar of Sif Muna.
  1301 | D:2      | Reached skill level 6 in Axes
  1337 | D:2      | Killed Terence
  1338 | D:2      | Reached XP level 5. HP: 45/47 MP: 5/5
  1374 | D:3      | Identified the +6 leather armour of Hopscotch {rPois}
  1451 | D:3      | Found a blossoming altar of Fedhas.
  1451 | D:3      | Noticed an ogre
  1456 | D:3      | Killed an ogre
  1457 | D:3      | Reached skill level 5 in Fighting
  1457 | D:3      | Reached skill level 7 in Axes
  1457 | D:3      | Reached skill level 1 in Armour
  1653 | D:3      | Reached XP level 6. HP: 56/56 MP: 6/6
  1822 | D:3      | Noticed a black bear
  1832 | D:3      | Killed a black bear
  1882 | D:3      | Noticed Jessica
  1885 | D:3      | Killed Jessica
  1914 | D:3      | Reached skill level 8 in Axes
  2020 | D:3      | Found a runed translucent door.
  2021 | D:3      | Noticed Crazy Yiuf
  2266 | D:3      | Found a faded altar of an unknown god.
  2269 | D:3      | Found a shimmering altar of Xom.
  2388 | D:3      | Killed Crazy Yiuf
  2389 | D:3      | Reached XP level 7. HP: 37/62 MP: 7/7
  3426 | D:5      | Entered Level 5 of the Dungeon
  3434 | D:5      | Reached skill level 9 in Axes
  3447 | D:5      | Identified the +3 leather armour of the Morning Star
                  | {Dex+4}
  3516 | D:5      | Reached XP level 8. HP: 71/71 MP: 8/8
  3533 | D:5      | Found a glowing drain.
  3537 | Sewer    | Entered a sewer
  3694 | Sewer    | Reached skill level 10 in Fighting
  3694 | Sewer    | Reached skill level 14 in Axes
  3694 | Sewer    | Reached XP level 9. HP: 85/85 MP: 9/9
  4049 | D:5      | Found Xiuhew's Assorted Antiques.
  4084 | D:5      | Found Efibb's Assorted Antiques.
  4093 | D:5      | Bought 3 scrolls labelled WIAJAR KUAFIKU for 63 gold pieces
  4093 | D:5      | Bought a blue potion for 18 gold pieces
  4093 | D:5      | Bought a scroll labelled ULEN CEBRYLUE for 21 gold pieces
  4093 | D:5      | Bought a sedimented grey potion for 18 gold pieces
  4093 | D:5      | Bought a wand of flame (5) for 73 gold pieces
  4093 | D:5      | Bought a sedimented grey potion for 18 gold pieces
  4220 | D:5      | Found Deloeqo's Assorted Antiques.
  4228 | D:5      | Bought a scroll of identify for 44 gold pieces
  4239 | D:5      | Found a sparkling altar of Nemelex Xobeh.
  4788 | D:6      | Found a staircase to the Ecumenical Temple.
  4797 | Temple   | Entered the Ecumenical Temple
  4989 | D:6      | Noticed Dowan
  4991 | D:6      | Noticed Duvessa
  5006 | D:6      | Killed Duvessa
  5009 | D:6      | Killed Dowan
  5267 | D:6      | Reached skill level 15 in Axes
  5475 | D:6      | Found an opulent altar of Gozag.
  5587 | D:6      | Found an iron altar of Okawaru.
  5587 | D:6      | Found a burning altar of Makhleb.
  5588 | D:6      | Found a glowing golden altar of the Shining One.
  5683 | D:6      | Found a shadowy altar of Dithmenos.
  5725 | D:6      | Found an ancient bone altar of Kikubaaqudgha.
  5923 | D:7      | Found a radiant altar of Vehumet.
  6337 | D:8      | Found a sand-covered staircase.
  6346 | Ossuary  | Entered an ossuary
  6421 | Ossuary  | Reached XP level 10. HP: 91/94 MP: 10/10
  6541 | D:8      | Found a sacrificial altar of Ru.
  6576 | D:8      | Got the Parchment of Stones and Firn
  7232 | D:9      | Found a hide-covered altar of Uskayaw.
  7367 | D:9      | Became a worshipper of Uskayaw the Reveller
  7367 | D:9      | Reached * piety under Uskayaw
  7457 | D:9      | Found a glowing silver altar of Zin.
  7589 | D:9      | Reached ** piety under Uskayaw
  7594 | D:9      | Reached *** piety under Uskayaw
  7815 | D:9      | Found a stormy altar of Qazlal.
  8050 | D:10     | Entered Level 10 of the Dungeon
  8059 | D:10     | Reached skill level 1 in Invocations
  8091 | D:10     | Reached **** piety under Uskayaw
  8244 | D:10     | Found a staircase to the Orcish Mines.
  8311 | D:10     | Found Ysmeunum's Island Escapes.
  8316 | D:10     | Noticed Grum
  8317 | D:10     | Bought a scroll of fog for 64 gold pieces
  8317 | D:10     | Bought a potion of haste for 160 gold pieces
  8317 | D:10     | Bought a scroll of blinking for 120 gold pieces
  8335 | D:10     | Killed Grum
  8427 | D:10     | Reached XP level 11. HP: 104/104 MP: 12/12
  8440 | D:10     | Reached skill level 16 in Axes
  8519 | D:10     | Noticed Erica
  8529 | D:10     | Killed Erica
  8530 | D:10     | Reached skill level 10 in Armour
  9038 | D:10     | Noticed Sonja
  9054 | D:10     | HP: 4/104 [Sonja/+2 dagger of distortion (14)]
  9054 | D:10     | Demolished by Sonja

Illustrated notes

Levels and vault maps discovered:
D:1:      lemuel_arrival_room, layout_basic
D:2:      layout_basic
D:3:      layout_loops_cross, nicolae_overflow_ecumenical_swirl,
          lemuel_tele_altar, nicolae_sif_muna_condensation, uniq_terence,
          uniq_crazy_yiuf_cottage, uniq_jessica
D:4:      layout_loops_corners
D:5:      layout_rooms, nemelex_spade_bored_becter, gup_sewer_entry_spiral,
          serial_shops, nicolae_take_the_stairs, nicolae_shop_getting_attention,
          shop, roderic_roman_lattice, hangedman_decor_diamond_cutter
D:6:      layout_gridville, nicolae_overflow_hidden_temple,
          nicolae_overflow_crystal_walls, minmay_temple_entry_antechambers,
          uniq_duvessa
D:7:      layout_rooms, mainiacjoe_overflow_brackets
D:8:      layout_loops_ring, nicolae_ru_great_annihilating_truth,
          nicolae_ossuary_entry_monument
D:9:      layout_rooms, nicolae_uskayaw_dance_hall,
          mainiacjoe_overflow_six_doors_small, general_overflow_altar,
          nicolae_underground_beach
D:10:     layout_roguey, david_orc_3, chequers_mini_garden, minivault_25,
          nicolae_island_escapes, uniq_grum, uniq_sonja, uniq_erica
Temple:   nicolae_temple_little_seven

Skill      XL: |  1  2  3  4  5  6  7  8  9 10 11 |
---------------+----------------------------------+-----
Fighting       | 4 5 6 10 11 | 11.9
Axes           | 5 6 7 8 9 14 15 16 | 16.0
Armour         | 1 2 3 7 8 9 10 | 10.0
Invocations    | 2 3 |  3.3
Dodging        | |  2.4

Action                     |  1- 3 |  4- 6 |  7- 9 | 10-12 || total
---------------------------+-------+-------+-------+-------++-------
  Melee: Hand axe          |    85 |     8 |       |       ||    93
         War axe           |       |    94 |   271 |   233 ||   598
  Throw: Dart              |       |     7 |     3 |     4 ||    14
         Boomerang         |       |       |       |   121 ||   121
 Invoke: Stomp             |       |       |       |     2 ||     2
         Line Pass         |       |       |       |     1 ||     1
    Use: Potion            |       |     1 |     1 |     2 ||     4
         Scroll            |       |       |    16 |     5 ||    21
   Stab: Paralysed         |       |       |       |     7 ||     7
         Invisible         |       |       |       |     1 ||     1
 Armour: Robe              |    16 |     6 |       |       ||    22
         Ring mail         |       |     5 |       |       ||     5
         Chain mail        |       |    42 |    23 |       ||    65
         Leather armour    |       |       |    73 |    68 ||   141
         Plate armour      |       |       |       |    12 ||    12
  Dodge: Dodged            |    59 |    49 |   120 |    98 ||   326
  Block: Orb               |    16 |    14 |    65 |    27 ||   122
         Reflection        |       |     1 |     4 |       ||     5
